 Dungeon Crawl Stone Soup version 0.30-a0-772-g5528072125 (webtiles) character file.

Game seed: 14788677766220379137

954 Mickster the Shield-Bearer (level 7, -6/54 HPs)
             Began as a Demigod Wanderer on Feb 13, 2023.
             Mangled by an ogre
             ... wielding a +0 giant spiked club
              (29 damage)
             ... on level 6 of the Dungeon.
             The game lasted 00:48:27 (4374 turns).

Mickster the Shield-Bearer (Demigod Wanderer)       Turns: 4374, Time: 00:48:27

Health: -6/54      AC: 12    Str: 19    XL:     7   Next: 59%
Magic:  9/9        EV: 10    Int: 11    God:
Gold:   198        SH:  8    Dex: 18    Spells: 6/6 levels left

rFire   + . .      SeeInvis +    p - +4 short sword of Resourcefulness {freeze, rN+ SInv Stlth+}
rCold   . . .      Faith    .    f - +2 buckler
rNeg    + . .      Spirit   .    t - +0 scale mail
rPois   .          Reflect  .    (no helmet)
rElec   .          Harm     .    e - +0 cloak
rCorr   .          Rampage  .    q - +1 pair of gloves
Will    .....      Rage     3%   c - +1 pair of boots
Stlth   ++         Rnd*Tele +    (no amulet)
HPRegen 0.29/turn                r - ring of protection from fire
MPRegen 0.11/turn                (no ring)

@: on berserk cooldown, slowed, very slow
A: high MP 1, forlorn, divine attributes, berserk 1, frail 1, teleportitis 1
a: no special abilities


You were on level 6 of the Dungeon.
You visited 1 branch of the dungeon, and saw 6 of its levels.
You also visited: Ossuary.

You collected 198 gold pieces.

Inventory:

Hand Weapons
 a - a +0 dagger
 i - a +4 spear
 p - the +4 short sword of Resourcefulness (weapon) {freeze, rN+ SInv Stlth+}
   (You found it on level 3 of the Dungeon)

   rN:        It protects you from negative energy.
   SInv:      It lets you see invisible.
   Stlth:     It makes you more stealthy.
Missiles
 j - 4 poisoned darts (quivered)
 u - 16 stones
Armour
 c - a +1 pair of boots (worn)
 e - a +0 cloak (worn)
 f - a +2 buckler (worn)
 q - a +1 pair of gloves (worn)
 t - a +0 scale mail (worn)
 w - a +0 leather armour of poison resistance
Magical Staves
 g - a staff of air
 l - a staff of poison
Jewellery
 r - a ring of protection from fire (left hand)
Wands
 s - a wand of polymorph (1)
 B - a wand of light (11)
Scrolls
 b - 4 scrolls of identify
 d - a scroll of blinking
 o - 2 scrolls of amnesia
 v - a scroll of poison
 x - 2 scrolls of teleportation
Potions
 k - 3 potions of heal wounds
 n - 2 potions of brilliance


   Skills:
 - Level 4.5 Fighting
 * Level 4.4 Short Blades
 * Level 4.0 Polearms
 + Level 1.1 Throwing
 + Level 2.8 Armour
 + Level 2.0 Dodging
 + Level 2.0 Stealth
 + Level 4.6 Shields


You had 6 spell levels left.
You didn't know any spells.
Your spell library contained the following spells:

 Spells                   Type           Power      Damage    Failure   Level
 Magic Dart               Conj           0%         1d3       80%         1
 Call Imp                 Summ           0%         N/A       91%         2
 Mephitic Cloud           Conj/Pois/Air  0%         N/A       99%         3


Dungeon Overview and Level Annotations

Branches:
Dungeon (6/15)             Temple (0/1) D:4         Ossuary (visited)

Shops:
D:1 (


Innate Abilities, Weirdness & Mutations

You have an increased reservoir of magic. (+10% MP)
You shall have no god before yourself.
Your divine heritage dramatically boosts your attributes as you level up.
You sometimes lose your temper in combat.
You are frail. (-10% HP)
You are occasionally teleported next to monsters.


Message History

The centaur shouts!
The adder hisses angrily.
You block the adder's attack.
The centaur wields a +0 shortbow.
The centaur shoots an arrow.
You block the arrow. The hound completely misses you.
You closely miss the adder.
The adder is heavily wounded.
You block the adder's attack. The hound barely misses you.
You puncture the adder! You freeze the adder.
You kill the adder!
The centaur shoots an arrow.
You block the arrow. The hound barely misses you.
You puncture the adder! You freeze the adder.
You kill the adder!
The hound bites you but does no damage.
The sky beast flickers out of sight for a moment.
The centaur shoots an arrow.
You block the arrow. The hound barely misses you.
The sky beast hits you but does no damage.
You feel a strong urge to attack something.
You feel your anger nearly subside.
You are no longer berserk.
You are exhausted.
You feel yourself slow down.
The centaur shoots an arrow.
The arrow closely misses you. You block the hound's attack.
An ogre comes into view. It is wielding a +0 giant spiked club.
Found 14 gold pieces.
The centaur shoots an arrow.
The arrow hits you.
The centaur shoots an arrow.
The arrow hits you but does no damage. The hound bites you.
You hit the hound but do no damage.
The centaur shoots an arrow.
The arrow barely misses you. The hound bites you but does no damage.
You block the sky beast's attack.
The centaur shoots an arrow.
You block the arrow. The hound bites you.
You closely miss the hound.
The centaur shoots an arrow.
The arrow hits you! You block the hound's attack. The sky beast hits you.
The sky beast shocks you.
The centaur shoots an arrow.
The arrow barely misses you. The hound bites you but does no damage.
The sky beast barely misses you.
You hit the hound but do no damage.
The centaur shoots an arrow.
The arrow hits you. The hound closely misses you.
The sky beast barely misses you.
The ogre hits you with a +0 giant spiked club!!
Ouch! That really hurt!
You die...

.#.....#####......#
...........(......#
........#.........##
....................
.......#..........##
$......#............
........Y...........
.......@h...<....#..
......O#...........#
......##.c.......###
.................#
.................#
...................
#.....##.........###
#.#.#. ###.....#!#
... ###.###.#


You could see a sky beast (invisible), an ogre, a centaur and a hound.

Vanquished Creatures
  An ice beast (D:5)
  A necrophage (D:5)
  3 scorpions (D:5)
  4 water moccasin zombies (Ossuary)
  2 jellies (D:5)
  4 iguanas
  3 mummies
  4 gnolls (D:5)
  7 adders
  2 white imps (D:5)
  3 adder zombies (Ossuary)
  A dart slug (D:3)
  5 orcs (D:4)
  5 ball pythons
  4 endoplasms
  5 giant cockroaches
  4 gnoll zombies (Ossuary)
  3 goblins
  2 hobgoblins (D:1)
  7 jackals
  5 kobolds
  3 quokkas
  4 bats
  4 hobgoblin zombies (Ossuary)
  3 kobold zombies (Ossuary)
  8 orc zombies (Ossuary)
  3 rats
100 creatures vanquished.

Notes
Turn   | Place    | Note
-------+----------+-------------------------------------------
     0 | D:1      | Mickster the Demigod Wanderer began the quest for the Orb.
     0 | D:1      | Mickster set off with the following items: a +0 dagger, a
                  | potion of attraction, a +0 pair of boots, a scroll of
                  | blinking, a +0 robe, a +2 buckler.
     0 | D:1      | Reached XP level 1. HP: 22/22 MP: 3/3
   344 | D:1      | Reached XP level 2. HP: 9/28 MP: 4/4
   530 | D:1      | Found Affurphod's Weapon Boutique.
   858 | D:2      | Reached skill level 1 in Polearms
   966 | D:2      | Reached XP level 3. HP: 34/34 MP: 5/5
  1071 | D:2      | Gained mutation: You sometimes lose your temper in combat.
                  | [potion of mutation]
  1071 | D:2      | Gained mutation: You are occasionally teleported next to
                  | monsters. [potion of mutation]
  1071 | D:2      | Gained mutation: You are frail. (-10% HP) [potion of
                  | mutation]
  1718 | D:3      | Identified the +4 short sword of Resourcefulness {freeze,
                  | rN+ SInv Stlth+}
  1991 | D:4      | Reached skill level 1 in Stealth
  1991 | D:4      | Reached XP level 4. HP: 14/36 MP: 6/6
  2178 | D:4      | Found a sand-covered staircase.
  2202 | Ossuary  | Entered an ossuary
  2283 | Ossuary  | Reached skill level 1 in Short Blades
  2297 | Ossuary  | Reached skill level 1 in Armour
  2297 | Ossuary  | Reached XP level 5. HP: 42/42 MP: 7/7
  2394 | Ossuary  | Reached XP level 6. HP: 47/47 MP: 8/8
  2534 | D:4      | Found a staircase to the Ecumenical Temple.
  3342 | D:5      | Entered Level 5 of the Dungeon
  3409 | D:5      | Reached skill level 1 in Throwing
  3422 | D:5      | Reached XP level 7. HP: 36/54 MP: 9/9
  4374 | D:6      | Mangled by an ogre

Illustrated notes

Levels and vault maps discovered:
D:1:      heliophobic_arrival_battle_scene, layout_rooms, serial_shops,
          nicolae_shop_bloodbath_and_beyond, minmay_misc_feat_columns,
          kennysheep_another_room
D:2:      layout_loops_ring, grunt_decor_resistance,
          minmay_misc_feat_secret_circle
D:3:      layout_rooms, kennysheep_slug_shrine, nicolae_ashenzari_skybound,
          pdpol_wu_jian_five_deadly_venoms, dreamdust_ecumenical_altar_statues
D:4:      layout_gridville, minmay_temple_entry_mini_moons,
          gup_ossuary_entry_pyramid, amcnicky_mini_corridor_feature
D:5:      layout_gridville, mainiacjoe_overflow_alcove_4
D:6:      layout_rooms, old_standard_altar

Skill      XL: |  1  2  3  4  5  6  7 |
---------------+----------------------+-----
Polearms       | 1 2 3 4 |  4.0
Shields        | 4 |  4.6
Stealth        | 1 2 |  2.0
Short Blades   | 1 2 3 4 |  4.4
Armour         | 1 2 |  2.8
Throwing       | 1 |  1.1
Dodging        | 2 |  2.0
Fighting       | |  4.5

Action                     |  1- 3 |  4- 6 |  7- 9 || total
---------------------------+-------+-------+-------++-------
  Melee: Spear             |    71 |       |       ||    71
         Dagger            |    13 |       |       ||    13
         Short sword       |    32 |   176 |    81 ||   289
  Throw: Dart              |     9 |     7 |     1 ||    17
    Use: Scroll            |     2 |     5 |     2 ||     9
         Potion            |     3 |     4 |       ||     7
   Stab: Sleeping          |     2 |     1 |     2 ||     5
 Armour: Leather armour    |    40 |       |       ||    40
         Skin              |     1 |       |       ||     1
         Scale mail        |     7 |    55 |    25 ||    87
  Dodge: Dodged            |    71 |    49 |    36 ||   156
  Block: Buckler           |    68 |    60 |    29 ||   157

Table legend: (Time is in decaauts)
 A = Elapsed time spent in this place.
 B = Non-inter-level travel time spent in this place.
 C = Inter-level travel time spent in this place.
 D = Time resting spent in this place.
 E = Time spent auto-exploring this place.
 F = Levels seen in this place.
 G = Mean time per level.
                   A        B        C        D        E       F      G
               +--------+--------+--------+--------+--------+-----+--------+
         Total |   4436 |   4216 |    220 |    666 |      0 |   7 |  633.7 |
       Dungeon |   4117 |   3897 |    220 |    666 |      0 |   6 |  686.2 |
       Ossuary |    318 |    318 |      0 |      0 |      0 |   1 |  318.0 |
               +--------+--------+--------+--------+--------+-----+--------+

Top non-repeatable levels by time:
     D:4: 1082 daAuts
     D:2: 1069 daAuts
     D:5: 1034 daAuts
     D:1: 656 daAuts
 Ossuary: 318 daAuts
     D:3: 260 daAuts
     D:6: 13 daAuts
